 Dungeon Crawl Stone Soup version 0.17.0-28-g6e173f8 (webtiles) character file.

725 Ivanskos the Shield-Bearer (level 7, -11/67 HPs)
             Began as a Deep Dwarf Fighter on Nov 30, 2015.
             Mangled by an ogre
             ... wielding a +0 giant club
              (20 damage)
             ... on level 4 of the Dungeon.
             The game lasted 00:14:46 (2044 turns).

Ivanskos the Shield-Bearer (Deep Dwarf Fighter)     Turns: 2044, Time: 00:14:47

Health: -11/67     AC: 13    Str: 29    XL:     7   Next: 43%
Magic:  7/7        EV:  9    Int:  8    God:
Gold:   163        SH: 11    Dex: 12    Spells: 0 memorised, 6 levels left

rFire  . . .     SeeInvis .     p - +2 mace (protect)
rCold  . . .     Clarity  .     b - +0 scale mail
rNeg   . . .     SustAt   .     c - +0 shield
rPois  .         Gourm    .     q - +0 helmet
rElec  .         Spirit   .     (no cloak)
rCorr  .         Warding  .     (no gloves)
rMut   .         Stasis   .     (no boots)
MR     +....                    (no amulet)
Stlth  +.........               a - +2 ring of strength
                                u - ring of stealth

@: mighty, lethally poisoned (-11 -> -11), non-regenerating, somewhat resistant
to hostile enchantments, very unstealthy
A: damage resistance, recharge devices, sense surroundings 1, slow regeneration
3
a: Device Recharging


You were on level 4 of the Dungeon.
You were not hungry.

You visited 1 branch of the dungeon, and saw 4 of its levels.

You collected 163 gold pieces.

Inventory:

Hand Weapons
 p - a +2 mace of protection (weapon)
Armour
 b - a +0 scale mail (worn)
 c - a +0 shield (worn)
 q - a +0 helmet (worn)
Jewellery
 a - a +2 ring of strength (right hand)
 m - an uncursed ring of fire
 u - a ring of stealth (left hand)
Wands
 e - a wand of heal wounds (1)
Scrolls
 h - 2 scrolls of enchant weapon {unknown}
 i - 2 scrolls of noise
 j - a scroll of recharging {unknown}
 l - a scroll of magic mapping {unknown}
 o - a scroll of fog
 t - a scroll of amnesia {unknown}
 y - a scroll of immolation {unknown}
Potions
 g - a potion of flight {unknown}
 k - a potion of ambrosia
 r - a potion of poison {unknown}
 w - a potion of degeneration {unknown}
 x - a potion of berserk rage {unknown}
Comestibles
 f - 2 bread rations
 n - a slice of pizza


   Skills:
 * Level 5.0 Fighting
 + Level 3.7 Maces & Flails
 + Level 5.0 Armour
 + Level 2.9 Dodging
 + Level 5.2 Shields


You had 6 spell levels left.
You didn't know any spells.

Dungeon Overview and Level Annotations

Branches:
Dungeon (4/15)
 Temple: D:4-7

Altars:
Elyvilon
Gozag
Trog
Zin


Innate Abilities, Weirdness & Mutations

You are resistant to damage.
You can recharge devices by infusing magical energy.
You passively map a small area around you.
You do not regenerate naturally.


Message History

You feel very sick.
Paplaukes's ghost gestures at you while chanting.
You resist with significant effort. Paplaukes's ghost closely misses you.
You hit paplaukes's ghost.
Paplaukes's ghost is severely damaged.
You feel very sick.
Paplaukes's ghost is infused with unholy energy.
* * * LOW HITPOINT WARNING * * *
Paplaukes's ghost draws life force from you and is healed!
You sock paplaukes's ghost!
You destroy paplaukes's ghost!
Your Fighting skill increases to level 5!
Your Armour skill increases to level 5!
You feel very sick.
Drink which item? (? for menu, Esc to quit)
You feel much better.
You feel sick. The ogre hits you with a giant club!!
* * * LOW HITPOINT WARNING * * *
You completely miss the ogre.
You feel sick. The ogre closely misses you.
You closely miss the ogre. The ogre hits you with a giant club!!
You die...

.... #....# ######
.....##....# #....#
*
*#......#####....##
###'###.........>#
,,
#.....##########.#
* #.♣.♣.# #######.#
,#.._..# #.......#
, + #.♣.♣.#
#.......## ,
#..@..# #........#
, , ###O###
##.......# , < *
#..# #.......#
,*...## #.......#
*, ,#'##* #.......#
, ... ,* ######'##
, , +.. , #.# * ,#.
, #.### , #. #....


You could see an ogre.

Vanquished Creatures
  Grinder (D:4)
  The ghost of paplaukes the Grave Robber, an amateur DsNe of Sif Muna (D:4)
  3 wights (D:3)
  Terence (D:2)
  An orc wizard (D:3)
  Robin (D:2)
  4 adders
  8 gnolls (D:3)
  A shadow imp (D:3)
  2 worms
  4 giant geckos
  7 orcs (D:3)
  A ball python (D:1)
  10 bats
  4 giant cockroaches
  17 goblins
  7 hobgoblins
  8 jackals
  2 quokkas (D:3)
  A giant newt (D:1)
  5 kobolds
  6 rats
95 creatures vanquished.

Notes
Turn   | Place    | Note
--------------------------------------------------------------
     0 | D:1      | Ivanskos the Deep Dwarf Fighter began the quest for the Orb.
     0 | D:1      | Reached XP level 1. HP: 20/20 MP: 1/1
   133 | D:1      | Reached XP level 2. HP: 27/27 MP: 2/2
   478 | D:2      | Noticed Terence
   507 | D:2      | Killed Terence
   507 | D:2      | Reached XP level 3. HP: 14/34 MP: 3/3
   562 | D:2      | Noticed Robin
   586 | D:2      | Killed Robin
   586 | D:2      | Reached XP level 4. HP: 35/42 MP: 4/4
   654 | D:2      | Reached skill level 1 in Dodging
   857 | D:2      | Reached skill level 4 in Shields
   946 | D:3      | Reached XP level 5. HP: 23/49 MP: 5/5
   987 | D:3      | Found a white marble altar of Elyvilon.
  1434 | D:3      | Reached XP level 6. HP: 43/57 MP: 6/6
  1863 | D:3      | Found a glowing silver altar of Zin.
  1864 | D:3      | Found an opulent altar of Gozag.
  1981 | D:4      | Noticed Grinder
  2000 | D:4      | Killed Grinder
  2000 | D:4      | Reached skill level 5 in Shields
  2000 | D:4      | Reached XP level 7. HP: 36/66 MP: 7/7
  2014 | D:4      | Found a bloodstained altar of Trog.
  2021 | D:4      | Noticed paplaukes's ghost (amateur DsNe)
  2041 | D:4      | Killed paplaukes's ghost
  2041 | D:4      | Reached skill level 5 in Fighting
  2041 | D:4      | Reached skill level 5 in Armour
  2044 | D:4      | Mangled by an ogre

Action                   |  1- 3 |  4- 6 |  7- 9 || total
-------------------------+-------+-------+-------++-------
Melee: Flail             |    92 |       |       ||    92
       Mace              |    29 |   235 |    17 ||   281
Evoke: Wand              |     1 |     1 |     2 ||     4
  Use: Potion            |     1 |       |     2 ||     3
       Scroll            |       |     6 |       ||     6
  Eat: Beef jerky        |       |     1 |       ||     1
       Meat ration       |       |     1 |       ||     1
